 Dungeon Crawl Stone Soup version 0.17-a0-1534-gf98da79 (webtiles) character file.

1052 mrath the Digger (level 8, -5/45 HPs)
             Began as a Gargoyle Earth Elementalist on July 17, 2015.
             Killed from afar by an orc wizard (8 damage)
             ... with a puff of frost
             ... on level 6 of the Dungeon.
             The game lasted 01:11:17 (7989 turns).

mrath the Digger (Gargoyle Earth Elementalist)      Turns: 7989, Time: 01:11:18

Health: -5/45      AC:  9    Str: 12    XL:     8   Next: 26%
Magic:  7/16       EV: 18    Int: 22    God:
Gold:   275        SH:  0    Dex: 15    Spells: 4 memorised, 7 levels left

rFire  . . .     SeeInvis .     q - +4 quarterstaff (chaos)
rCold  . . .     Clarity  .     y - +0 robe
rNeg   + . .     SustAt   .     (no shield)
rPois  ∞         Gourm    .     (no helmet)
rElec  +         Spirit   .     r - +1 cloak {MR+}
rCorr  +         Warding  .     (no gloves)
rMut   .         Stasis   .     (no boots)
MR     +....                    h - amulet of resist corrosion
Stlth  +++.......               (no ring)
                                g - +4 ring of intelligence

@: agile, somewhat resistant to hostile enchantments, fairly stealthy
A: negative energy resistance 1, electricity resistance, unbreathing,
petrification resistance, rot immunity, AC +5
a: no special abilities


You were on level 6 of the Dungeon.
You were not hungry.

You visited 1 branch of the dungeon, and saw 6 of its levels.

You collected 275 gold pieces.

Inventory:

Hand weapons
 f - a +0 vampiric hand axe
 q - a +4 quarterstaff of chaos (weapon)
 H - a +1 hand axe of pain
 R - a +0 hunting sling
Missiles
 a - 91 stones (quivered)
 j - 89 arrows
 u - 55 sling bullets
 K - 12 silver bolts
Armour
 b - a +0 buckler
 r - a +1 cloak of magic resistance (worn)
 y - a +0 robe (worn)
 S - a +0 pair of gloves
Magical staves
 p - an uncursed staff of poison
 P - an uncursed staff of summoning
Jewellery
 g - a +4 ring of intelligence (left hand)
 h - an amulet of resist corrosion (around neck)
 i - an uncursed amulet of stasis
Magical devices
 B - a wand of slowing (20)
 G - a wand of digging (6)
 L - a wand of paralysis (11)
 M - a wand of magic darts (14)
 N - a wand of cold (5)
Scrolls
 e - 3 scrolls of remove curse {unknown}
 k - 3 scrolls of identify
 l - a scroll of immolation {unknown}
 m - 4 scrolls of teleportation {unknown}
 v - a scroll of enchant armour {unknown}
 D - 2 scrolls of blinking {unknown}
 I - a scroll of magic mapping {unknown}
Potions
 n - 2 potions of brilliance {unknown}
 o - 2 potions of poison {unknown}
 s - a potion of beneficial mutation {unknown}
 w - 5 potions of curing
 x - a potion of might {unknown}
 z - a potion of degeneration {unknown}
 A - a potion of flight {unknown}
 C - a potion of agility
 F - a potion of heal wounds {unknown}
 J - a potion of resistance {unknown}
 O - a potion of mutation {unknown}
 Q - a potion of haste {unknown}
Books
 c - a book of Geomancy

   Spells                             Type                      Level
   a - Sandblast                      Earth                        1
   b - Stoneskin                      Transmutation/Earth          2
   c - Passwall                       Transmutation/Earth          3
   d - Stone Arrow                    Conjuration/Earth            3
   e - Petrify                        Transmutation/Earth          4
   f - Lee's Rapid Deconstruction     Earth                        5
Comestibles
 d - 4 bread rations
 E - a meat ration


   Skills:
 + Level 2.7 Fighting
 + Level 2.8 Staves
 + Level 2.9 Dodging
 - Level 2.1 Stealth
 * Level 5.8 Spellcasting
 + Level 0.7 Conjurations
 + Level 1.1 Transmutations
 + Level 6.4 Earth Magic
 + Level 0.6 Evocations


You had 7 spell levels left.
You knew the following spells:

 Your Spells              Type           Power        Failure   Level  Hunger
a - Sandblast             Erth           ####..       1%          1    None
b - Stoneskin             Trmt/Erth      ###.....     3%          2    None
c - Stone Arrow           Conj/Erth      ###...       8%          3    ##.....
d - Lee's Rapid Deconstr  Erth           ####......   21%         5    #####..


Dungeon Overview and Level Annotations

Branches:
Dungeon (6/15)
 Temple: D:4-7

Altars:
Dithmenos
Fedhas
Gozag
Makhleb
Okawaru
Qazlal
Yredelemnul


Innate Abilities, Weirdness & Mutations

You are resistant to torment.
Your stone body is resilient (AC +5).
You are immune to poison.
You resist negative energy.
You are resistant to electric shocks.
You can survive without breathing.
You are immune to petrification.
You are immune to rotting.


Message History

Aim: an orc wizard, wielding a dagger and wearing a robe The rocky blast hits the orc wizard.
The orc wizard is almost dead.
Casting: Sandblast
Confirm with . or Enter, or press ? or * to list all spells.
Aiming: Sandblast
Press: ? - help, Shift-Dir - straight line, f/p - orc wizard
Aim: an orc wizard, wielding a dagger and wearing a robe (severely wounded)
The rocky blast hits the orc wizard.
You kill the orc wizard!
All of the chunks of flesh in your inventory have rotted away.
Wield which item (- for none, * to show all)? (? for menu, Esc to quit)
It is briefly surrounded by a scintillating aura of random colours.
q - a +4 quarterstaff of chaos (weapon)
The orc wizard barely misses you.
You sock the orc wizard!
The orc wizard is severely wounded.
The orc wizard points at you and mumbles some strange words.
The puff of frost hits you!
You die...

#####....# #.........
#### ######......<.<
##...## #....#......o..
##.....## #..[.#..)......
#.......# #..............
#.......# #..............
#.......###..............
##..<...@oo)>............
#.......###....#.........
#.......# #....#.........
#.......# ###############
##.....## ##...## #####


You could see an orc wizard and an orc.

Vanquished Creatures
  An orc warrior (D:6)
  The ghost of Alipheese the Poker, an average NaSk of Cheibriados (D:4)
  An ice beast (D:5)
  An ogre (D:5)
  A giant frog (D:6)
  2 crimson imps
  A giant frog zombie (D:5)
  An iguana (D:5)
  Crazy Yiuf (D:2)
  An orc priest (D:3)
  A hound (D:5)
  A giant frog skeleton (D:4)
  2 orc wizards
  2 worker ants (D:4)
  2 hound skeletons
  5 gnolls
  2 shadow imps (D:6)
  7 adders
  2 worms (D:3)
  2 giant geckos
  13 orcs
  A bat skeleton (D:4)
  13 goblins
  12 hobgoblins
  10 jackals
  18 kobolds
  2 ball pythons
  10 bats
  7 giant cockroaches
  3 giant newts
  2 quokkas
  A quokka skeleton (D:5)
  12 rats
141 creatures vanquished.

Vanquished Creatures (others)
  An orc (D:3)
1 creature vanquished.

Grand Total: 142 creatures vanquished

Notes
Turn   | Place    | Note
--------------------------------------------------------------
     0 | D:1      | mrath the Gargoyle Earth Elementalist began the quest for the Orb.
     0 | D:1      | Reached XP level 1. HP: 10/10 MP: 3/3
   196 | D:1      | Reached XP level 2. HP: 15/15 MP: 3/5
   558 | D:1      | Reached skill level 4 in Earth Magic
   801 | D:1      | Reached XP level 3. HP: 19/19 MP: 7/7
  1109 | D:1      | Learned a level 2 spell: Stoneskin
  1113 | D:1      | Learned a level 3 spell: Stone Arrow
  2261 | D:2      | Found an opulent altar of Gozag.
  2764 | D:2      | Reached XP level 4. HP: 16/24 MP: 6/9
  3062 | D:2      | Noticed Crazy Yiuf
  3082 | D:2      | HP: 1/24 [Crazy Yiuf/quarterstaff of chaos (3)]
  3083 | D:2      | Killed Crazy Yiuf
  3588 | D:2      | Reached XP level 5. HP: 18/28 MP: 10/10
  3730 | D:2      | Reached skill level 5 in Earth Magic
  4357 | D:3      | Reached skill level 1 in Staves
  4687 | D:3      | Reached XP level 6. HP: 16/33 MP: 10/12
  4972 | D:4      | Noticed Alipheese's ghost (average NaSk)
  4999 | D:4      | Killed Alipheese's ghost
  4999 | D:4      | Reached skill level 1 in Fighting
  5056 | D:4      | Found a shadowy altar of Dithmenos.
  5060 | D:4      | Found a burning altar of Makhleb.
  5061 | D:4      | Found a basalt altar of Yredelemnul.
  5280 | D:4      | Found an iron altar of Okawaru.
  5636 | D:4      | Found a stormy altar of Qazlal.
  5650 | D:4      | Found a blossoming altar of Fedhas.
  5802 | D:4      | Reached skill level 5 in Spellcasting
  5802 | D:4      | Reached XP level 7. HP: 35/38 MP: 14/14
  6172 | D:5      | Entered Level 5 of the Dungeon
  6780 | D:5      | Reached skill level 6 in Earth Magic
  7603 | D:5      | Learned a level 5 spell: Lee's Rapid Deconstruction
  7658 | D:6      | Reached skill level 1 in Transmutations
  7658 | D:6      | Reached XP level 8. HP: 42/45 MP: 13/16
  7955 | D:6      | HP: 1/45 [orc warrior/trident (9)]
  7978 | D:6      | HP: 1/45 [orc warrior/trident (3)]
  7989 | D:6      | Killed from afar by an orc wizard

Vault maps used:
D:1:      saegor_arrival_simple_b
D:2:      grunt_gozag_breadcrumbs, uniq_crazy_yiuf_cottage
D:3:      first_bread
D:4:      minmay_door_path, grunt_temple_overflow_forces_of_nature,
          nicolae_overflow_crystal_walls, gammafunk_temple_overflow_forgotten,
          minmay_crystal_room
D:6:      minmay_misc_feat_encased

Action                   |  1- 3 |  4- 6 |  7- 9 || total
-------------------------+-------+-------+-------++-------
Melee: Unarmed           |    10 |       |       ||    10
       Club              |   173 |     7 |       ||   180
       Quarterstaff      |       |   132 |    98 ||   230
Throw: Stone             |       |       |     3 ||     3
 Cast: Sandblast         |    16 |    13 |    25 ||    54
       Stoneskin         |       |     2 |     4 ||     6
  Use: Scroll            |       |     4 |     3 ||     7
       Potion            |       |       |     1 ||     1
 Stab: Distracted        |     1 |       |     1 ||     2
       Sleeping          |       |     2 |     5 ||     7
       Paralysed         |       |     1 |       ||     1
       Petrifying        |       |       |     1 ||     1
  Eat: Chunk             |     5 |     3 |     4 ||    12
       Beef jerky        |     1 |       |       ||     1
       Bread ration      |       |     1 |       ||     1
       Meat ration       |       |     1 |       ||     1
